[Event "Late-Titled-Tuesday-Blitz-September-19-2023"]
[Site "Chess.com"]
[Date "2023.09.19"]
[Round "4"]
[White "Sina_Movahed"]
[Black "SaqoChess_Twitch"]
[Result "1-0"]
[WhiteElo "2978"]
[BlackElo "2668"]
[TimeControl "180+1"]
[EndTime "14:34:46 PDT"]
[Termination "Sina_Movahed won by checkmate"]

1. e4 c5 2. Nf3 d6 3. d4 cxd4 4.
Nxd4 Nf6 5. Nc3 g6 6. Be3 Bg7 7. f3 O-O 8. Qd2 Nc6 9. O-O-O d5 10. Nxc6 bxc6 11. Bc4 e6 12. Bb3 Qc7 13. h4 dxe4 14.
fxe4 c5 15. Bf4 e5 16. Bg5 Nh5 17. Nd5 Qb7 18. Ne7+ Kh8 19. Bd5 Qa6 20. Bxa8 Qxa2 21. Qc3 Bg4 22. Bd5 Qa1+ 23. Kd2 Bxd1 24. Rxd1 Qa6 25. Qc4 Qa5+ 26. c3 f6 27. Be3 f5 28.
exf5 gxf5 29. Kc2 e4 30. Bxc5 Rc8 31. Nxc8 Nf4 32. Bc6 Nd3 33. Bd4 h5 34. Nd6 Bxd4 35. Qxd4+ Kh7 36. Nxe4 fxe4 37. Bxe4+ Kh6 38. Qf6# 1-0

[Event "Late-Titled-Tuesday-Blitz-September-19-2023"]
[Site "Chess.com"]
[Date "2023.09.19"]
[Round "4"]
[White "BillieKimbah"]
[Black "AlexPapasimakopoulos"]
[Result "1-0"]
[WhiteElo "2973"]
[BlackElo "2757"]
[TimeControl "180+1"]
[EndTime "14:34:51 PDT"]
[Termination "BillieKimbah won by checkmate"]

1. Nf3 d5 2. g3 Nf6 3. Bg2 c6 4. O-O Bg4 5. d3 Nbd7 6. Qe1 e5 7. e4 d4 8. h3 Bxf3 9. Bxf3 Bd6 10. a4 O-O 11. Nd2 Ne8 12. Bg2 Nc7 13. f4 exf4 14. gxf4 Re8 15. Nc4 Bf8 16. Qg3 Nb6 17.
Ne5 Nd7 18. Nf3 c5 19. f5 f6 20. Bf4 Na6 21. e5 fxe5 22. Nxe5 Nb4 23. Bxb7 Nxe5 24.
Bxe5 Nxc2 25. f6 Rxe5 26. Qxe5 Nxa1 27. Bxa8 Qxa8 28. f7+ Kh8 29. Qe8 Qe4 30. Qxf8# 1-0

[Event "Late-Titled-Tuesday-Blitz-September-19-2023"]
[Site "Chess.com"]
[Date "2023.09.19"]
[Round "4"]
[White "canary2016"]
[Black "stasOR4ik"]
[Result "0-1"]
[WhiteElo "2142"]
[BlackElo "2443"]
[TimeControl "180+1"]
[EndTime "14:34:51 PDT"]
[Termination "stasOR4ik won by resignation"]

1. e4 c6 2. d4 d5 3. Nc3 dxe4 4. Nxe4 Nf6 5. Nxf6+ exf6 6. c3 Bd6 7. Bd3 O-O 8.
Qc2 Na6 9. Ne2 h5 10. Be3 Nc7 11. O-O-O b5 12. Be4 Nd5 13. Ng3 Bg4 14. Rde1 Qa5 15.
Kb1 b4 16. c4 Nc3+ 17. bxc3 bxc3 18. c5 Rab8+ 19. Ka1 Rb2 20. Qxb2 cxb2+ 21. Kxb2 Rb8+ 22. Kc1 Qc3+ 23. Bc2 Rb2 0-1

[Event "Late-Titled-Tuesday-Blitz-September-19-2023"]
[Site "Chess.com"]
[Date "2023.09.19"]
[Round "4"]
[White "SAInt_666"]
[Black "Michalczak"]
[Result "1-0"]
[WhiteElo "2664"]
[BlackElo "2504"]
[TimeControl "180+1"]
[EndTime "14:34:55 PDT"]
[Termination "SAInt_666 won by resignation"]

1. g3 d5 2. Bg2 e5 3. Nf3 Nc6 4. O-O Be6 5. d3 f6 6. Nbd2 Qd7 7. c3 g5 8. b4 g4 9. Nh4 Nge7 10. b5 Nd8 11. c4 Ng6 12. e4 Nxh4 13. gxh4 dxc4 14. Nxc4 Nf7 15. Be3 O-O-O 16. Qa4 a6 17. Rfc1 Kb8 18.
Rab1 Bxc4 19. Qxc4 axb5 20. Rxb5 Bh6 21. Rxb7+ Kxb7 22. Rb1+ 1-0

[Event "Late-Titled-Tuesday-Blitz-September-19-2023"]
[Site "Chess.com"]
[Date "2023.09.19"]
[Round "4"]
[White "Iball95"]
[Black "Andrej2004"]
[Result "1-0"]
[WhiteElo "2762"]
[BlackElo "2542"]
[TimeControl "180+1"]
[EndTime "14:35:01 PDT"]
[Termination "Iball95 won by checkmate"]

1. e4 b6 2. d4 Bb7 3. Nc3 g6 4. Nf3 Bg7 5. Be3 d6 6. h4 h6 7. e5 e6 8. Bd3 Nd7 9. exd6 cxd6 10. Ne4 Qe7 11. c3 Ngf6 12. Qc2 Nxe4 13. Bxe4 Bxe4 14.
Qxe4 d5 15. Qd3 O-O 16. g4 f5 17. gxf5 Rxf5 18. Nd2 Kh7 19. O-O-O e5 20. h5 e4 21. hxg6+ Kxg6 22. Rdg1+ Kh7 23. Qe2 Rg8 24. Qg4 Qe6 25.
Bxh6 Bxh6 26. Rxh6+ Qxh6 27. Qxg8# 1-0

[Event "Late-Titled-Tuesday-Blitz-September-19-2023"]
[Site "Chess.com"]
[Date "2023.09.19"]
[Round "4"]
[White "FairChess_on_YouTube"]
[Black "GadimbayliA"]
[Result "1-0"]
[WhiteElo "3076"]
[BlackElo "2830"]
[TimeControl "180+1"]
[EndTime "14:35:04 PDT"]
[Termination "FairChess_on_YouTube won by resignation"]

1. c4 Nf6 2. Nc3 c5 3. g3 Nc6 4. Bg2 g6 5. e3 Bg7 6. d4 cxd4 7. exd4 d6 8. Nge2 O-O 9. O-O Bf5 10. b3 Qd7 11. Re1 Bh3 12. Bh1 e5 13. Ba3 exd4 14. Nxd4 Nxd4 15. Qxd4 Ng4 16. Qd2 Rfe8 17. Rad1 Qf5 18.
Nd5 Ne5 19. f4 Nc6 20. Bb2 Bg4 21. Rc1 Rad8 22. Bc3 h5 23. Qb2 Bxc3 24. Qxc3 Re6 25.
Be4 1-0

[Event "Late-Titled-Tuesday-Blitz-September-19-2023"]
[Site "Chess.com"]
[Date "2023.09.19"]
[Round "4"]
[White "Slovak_fighter2000"]
[Black "MessiKingdom"]
[Result "0-1"]
[WhiteElo "2447"]
[BlackElo "2631"]
[TimeControl "180+1"]
[EndTime "14:35:06 PDT"]
[Termination "MessiKingdom won by resignation"]

1. d4 Nf6 2. Nf3 g6 3. c4 Bg7 4. Nc3 O-O 5. e4 d6 6. Be2 c5 7. d5 e6 8. O-O Re8 9. Bg5 h6 10. Bh4 exd5 11. exd5 Bf5 12. Bd3 Bg4 13. h3 Bxf3 14.
Qxf3 Nbd7 15. Rfe1 Ne5 16. Qd1 Nxd3 17. Qxd3 Qb6 18.
b3 Qa5 19. Rac1 Rxe1+ 20. Rxe1 Nxd5 21. Qxd5 Qxc3 22. Re7 Rf8 23. Rxb7 Be5 24. Qd1 g5 25. Bg3 Bxg3 26. fxg3 Qxg3 27. Rxa7 Re8 28. Kf1 Re4 0-1

[Event "Late-Titled-Tuesday-Blitz-September-19-2023"]
[Site "Chess.com"]
[Date "2023.09.19"]
[Round "4"]
[White "Nick12772"]
[Black "floplover"]
[Result "0-1"]
[WhiteElo "2351"]
[BlackElo "2311"]
[TimeControl "180+1"]
[EndTime "14:35:11 PDT"]
[Termination "floplover won by resignation"]

1. e4 c6 2. Nc3 d5 3. Nf3 dxe4 4. Nxe4 Nf6 5. Qe2 Nxe4 6. Qxe4 Qa5 7. Bc4 Bf5 8. Bxf7+ Kxf7 9. Ne5+ Ke6 10. Nxc6+ Bxe4 11. Nxa5 Bxg2 12. Rg1 Bc6 13. d4 g6 14. c4 Kf7 15. d5 Bd7 16. Nxb7 Bg7 17. Nc5 Rc8 18. Nxd7 Nxd7 19. Rg4 Ne5 20. Rf4+ Kg8 21. Re4 Rxc4 22. Rxc4 Nxc4 23. Rb1 Rd8 24. b3 Nb6 25. Bg5 Rxd5 26.
Be3 Be5 27. h3 Bd4 28. Ke2 Bxe3 29. Kxe3 Kf7 30. Rc1 Rh5 31. Rc7 Nd5+ 0-1

[Event "Late-Titled-Tuesday-Blitz-September-19-2023"]
[Site "Chess.com"]
[Date "2023.09.19"]
[Round "4"]
[White "Hrant_ChessMood"]
[Black "fyall777"]
[Result "1-0"]
[WhiteElo "2899"]
[BlackElo "2556"]
[TimeControl "180+1"]
[EndTime "14:35:24 PDT"]
[Termination "Hrant_ChessMood won on time"]

1. d4 Nf6 2. c4 e6 3. Nc3 Bb4 4.
e3 c5 5. Bd3 Bxc3+ 6. bxc3 d6 7. Ne2 e5 8. O-O O-O 9. Ng3 Nc6 10. a4 Re8 11. a5 Nxa5 12. e4 cxd4 13. cxd4 exd4 14. Bg5 Nc6 15. Nh5 Ne5 16. h3 Be6 17. f4 Nxd3 18. Qxd3 Qc8 19. Bxf6 Qxc4 20. Qg3 g6 21.
Qg5 1-0

[Event "Late-Titled-Tuesday-Blitz-September-19-2023"]
[Site "Chess.com"]
[Date "2023.09.19"]
[Round "4"]
[White "Chessbard1972"]
[Black "AyMitecK"]
[Result "0-1"]
[WhiteElo "2364"]
[BlackElo "2510"]
[TimeControl "180+1"]
[EndTime "14:35:26 PDT"]
[Termination "AyMitecK won by checkmate"]

1. e4 e6 2. d4 d5 3. e5 c5 4. c3 Nc6 5. Nf3 Qb6 6. a3 Nh6 7. b4 cxd4 8. cxd4 Nf5 9. Bb2 Bd7 10.
g4 Nh6 11. h3 f6 12. exf6 gxf6 13. Nc3 Nf7 14. Na4 Qc7 15. Rc1 Qf4 16. Nc5 Bxc5 17. dxc5 Nfe5 18. Be2 h5 19. Nxe5 fxe5 20. b5 Nd4 21. Bxd4 exd4 22. c6 bxc6 23. bxc6 Bc8 24. Qd2 Qxd2+ 25. Kxd2 hxg4 26. hxg4 Rxh1 27. Rxh1 Ke7 28.
Rh8 Rb8 29. Kc2 e5 30. a4 Bf5+ 31. gxf5 Rxh8 32. f6+ Kd6 33. Bb5 Rf8 34. Kd2 Rxf6 35. Ke2 Rf8 36. f3 Ra8 37. Ba6 Kxc6 38. Kd3 Kc5 39.
Kd2 Rf8 40. Ke2 Rf6 41. Bb5 e4 42. fxe4 dxe4 43. Be8 Rh6 44. Kf2 e3+ 45. Kf3 e2 46. Kxe2 Re6+ 47. Kd3 Rxe8 48. a5 Re3+ 49. Kd2 Rh3 50.
a6 Kc4 51. Kc2 Rh2+ 52. Kd1 d3 53. Ke1 Kd4 54. Kd1 Ke3 55. Kc1 d2+ 56. Kc2 d1=Q+ 57.
Kxd1 Rg2 58. Kc1 Kd3 59. Kb1 Kc3 60. Ka1 Kb3 61. Kb1 Rg1# 0-1

[Event "Late-Titled-Tuesday-Blitz-September-19-2023"]
[Site "Chess.com"]
[Date "2023.09.19"]
[Round "4"]
[White "Mikhail_Golubev"]
[Black "ritanovikova"]
[Result "1-0"]
[WhiteElo "2572"]
[BlackElo "2150"]
[TimeControl "180+1"]
[EndTime "14:35:36 PDT"]
[Termination "Mikhail_Golubev won by resignation"]

1. e4 d5 2. exd5 Qxd5 3. Nc3 Qd6 4. d4 Nf6 5. Nf3 c6 6. h3 Bf5 7. Bc4 e6 8. O-O Qc7 9. Re1 Nbd7 10. Nh4 Bg6 11. Nxg6 hxg6 12. d5 cxd5 13. Bxd5 Be7 14.
Bf3 a6 15. Qe2 O-O 16. Ne4 Nxe4 17. Bxe4 Nf6 18. Bf3 Rac8 19. c3 b5 20. Be3 b4 21.
cxb4 Bxb4 22. Rec1 Qe5 23. Rxc8 Rxc8 24. Qxa6 Rc2 25. Rd1 Bd6 26. Qxd6 1-0

[Event "Late-Titled-Tuesday-Blitz-September-19-2023"]
[Site "Chess.com"]
[Date "2023.09.19"]
[Round "4"]
[White "oskariot"]
[Black "SantoBlue"]
[Result "0-1"]
[WhiteElo "2725"]
[BlackElo "2954"]
[TimeControl "180+1"]
[EndTime "14:35:37 PDT"]
[Termination "SantoBlue won by resignation"]

1. e4 d6 2. d4 Nf6 3. f3 e6 4. c4 c5 5. dxc5 dxc5 6. Qxd8+ Kxd8 7. Nc3 Nc6 8. Be3 Nd4 9. O-O-O e5 10. Nd5 Nxd5 11. cxd5 Bd6 12. Bd3 b5 13. Bxd4 cxd4 14. Bxb5 Bb7 15. Kb1 Rb8 16. Bc4 Bc8 17. Ne2 Bd7 18. Nc1 Ke7 19. Nd3 a5 20. Rc1 a4 21.
Rc2 f5 22. Re1 fxe4 23. Rxe4 Bf5 24. Nf2 a3 25. b3 h5 26. Bd3 Bxe4 27. Nxe4 Rbc8 28. Bc4 h4 29. h3 Bb4 30. Kc1 Kf7 31. Kd1 Kg6 32. Ke2 Kf5 33. d6 Rhd8 34. d7 d3+ 35. Bxd3 Rxc2+ 36. Bxc2 Kf4 37. Kd3 Rxd7+ 38. Kc4 Rc7+ 39. Kb5 Rxc2 0-1

[Event "Late-Titled-Tuesday-Blitz-September-19-2023"]
[Site "Chess.com"]
[Date "2023.09.19"]
[Round "4"]
[White "RichardLeyvaP"]
[Black "Padelator"]
[Result "1-0"]
[WhiteElo "2586"]
[BlackElo "2386"]
[TimeControl "180+1"]
[EndTime "14:35:40 PDT"]
[Termination "RichardLeyvaP won on time"]

1. e4 e5 2. d4 exd4 3. Qxd4 Nc6 4. Qe3 g6 5. Nc3 Bg7 6. h4 Nf6 7. Be2 h5 8. e5 Ng4 9. Bxg4 hxg4 10. f4 Kf8 11. Bd2 b5 12. O-O-O b4 13. Ne4 Qe7 14. Ne2 a5 15. N2g3 Rxh4 16. Rxh4 Qxh4 17. Rh1 Qe7 18. Rh7 d5 19. Nf6 Bxf6 20. exf6 Qxf6 21. f5 gxf5 22. Rh6 Qe5 23. Rxc6 Qxe3 24. Bxe3 Be6 25. Rxc7 Rd8 26. Ne2 1-0

[Event "Late-Titled-Tuesday-Blitz-September-19-2023"]
[Site "Chess.com"]
[Date "2023.09.19"]
[Round "4"]
[White "ChessWarrior7197"]
[Black "ValeriyGrinev"]
[Result "1-0"]
[WhiteElo "3062"]
[BlackElo "2565"]
[TimeControl "180+1"]
[EndTime "14:35:43 PDT"]
[Termination "ChessWarrior7197 won by resignation"]

1. d4 Nf6 2. c4 e6 3. Nc3 d5 4. Nf3 c6 5. e3 Nbd7 6. Qc2 Bd6 7. g4 h6 8. Rg1 Qe7 9. Be2 dxc4 10. e4 e5 11. Be3 b5 12. O-O-O Bb7 13. dxe5 Nxe5 14. Nd4 g6 15. f4 Nd3+ 16. Bxd3 cxd3 17. Qxd3 Bc5 18. e5 Nd7 19. Ne4 O-O-O 20. Nxc5 Nxc5 21. Qc2 Ne6 22. Nxb5 c5 23. Nd6+ Kb8 24. Rd3 Ka8 25.
Rgd1 Rxd6 26. exd6 Qf6 27. Qc3 Qxc3+ 28. Rxc3 Rd8 29.
f5 gxf5 30. gxf5 Nd4 31. Bxd4 cxd4 32. Rxd4 Bc8 33. d7 Bxd7 34. Rc7 Rc8 35. Rxd7 Rxc7+ 36. Rxc7 Kb8 37. Rxf7 1-0

[Event "Late-Titled-Tuesday-Blitz-September-19-2023"]
[Site "Chess.com"]
[Date "2023.09.19"]
[Round "4"]
[White "Veleamater"]
[Black "GoldenShare"]
[Result "0-1"]
[WhiteElo "2331"]
[BlackElo "2597"]
[TimeControl "180+1"]
[EndTime "14:35:44 PDT"]
[Termination "GoldenShare won by resignation"]

1. g3 d5 2. Bg2 Nf6 3. d3 c6 4. Nf3 Bg4 5. O-O Nbd7 6. h3 Bxf3 7. Bxf3 e5 8. Bg2 Bc5 9. Nc3 O-O 10. e4 dxe4 11.
dxe4 b5 12. Kh2 Qe7 13. g4 Rfd8 14. g5 Ne8 15. Qe2 Nf8 16. h4 Ne6 17. Bh3 Nd4 18.
Qd1 Nb3 19. axb3 Rxd1 20. Rxd1 Bxf2 21. Rd7 Qc5 22. Bd2 Bxh4 23. Rf1 b4 24. Ne2 Qxc2 25. Rfxf7 Qxb3 26. Rfe7 Qf3 27. Be6+ Kh8 28. Rf7 Qxe2+ 29. Kh3 Nf6 30. gxf6 Bxf6 31. Rxf6 gxf6 32. Bh6 Qh5+ 33. Kg3 Qxh6 0-1

[Event "Late-Titled-Tuesday-Blitz-September-19-2023"]
[Site "Chess.com"]
[Date "2023.09.19"]
[Round "4"]
[White "Dacean99"]
[Black "schachlana"]
[Result "1-0"]
[WhiteElo "2502"]
[BlackElo "2336"]
[TimeControl "180+1"]
[EndTime "14:35:44 PDT"]
[Termination "Dacean99 won by resignation"]

1. d4 Nf6 2. Nf3 g6 3. c4 d6 4. Nc3 Bg7 5. e4 O-O 6. Be2 c5 7. d5 e6 8. Bg5 exd5 9. Nxd5 Nbd7 10. O-O h6 11. Bxf6 Nxf6 12. Nxf6+ Qxf6 13. Rb1 Re8 14. Bd3 Bg4 15. h3 Bxf3 16. Qxf3 Qxf3 17. gxf3 Be5 18.
Kg2 g5 19. Rfd1 Rad8 20. Be2 Kg7 21. b4 b6 22. bxc5 dxc5 23. Rd5 Bd4 24. a4 Rxd5 25.
cxd5 f5 26. Bb5 Rf8 27. Re1 fxe4 28. Rxe4 Rd8 29. Bc6 Kf7 30. f4 Bf6 31. fxg5 Bxg5 32. f4 Bf6 33. Kf3 Bd4 34. Re6 Bg7 35. f5 Bf8 36. Ke4 Rd6 37. Be8+ Kg8 38. Ke5 Rxe6+ 39. fxe6 Bg7+ 40. Kd6 c4 41. e7 Bf6 42. Bg6 1-0

[Event "Late-Titled-Tuesday-Blitz-September-19-2023"]
[Site "Chess.com"]
[Date "2023.09.19"]
[Round "4"]
[White "lamomiajunior"]
[Black "andrzej"]
[Result "1-0"]
[WhiteElo "2651"]
[BlackElo "2466"]
[TimeControl "180+1"]
[EndTime "14:35:50 PDT"]
[Termination "lamomiajunior won by resignation"]

1. d4 d5 2. Nc3 Nf6 3. Bf4 c5 4. e4 Nxe4 5. Bb5+ Bd7 6. Nxd5 e5 7. Bxd7+ Nxd7 8. dxe5 g5 9. Qe2 Qa5+ 10. c3 gxf4 11. Qxe4 O-O-O 12. Nf3 Qb5 13. O-O-O h5 14. Kb1 Rh6 15.
Rd2 Ra6 16. Rhd1 Bg7 17. Nxf4 Ra4 18. Qf5 Rxf4 19. Qxf4 Bxe5 20. Nxe5 1-0

[Event "Late-Titled-Tuesday-Blitz-September-19-2023"]
[Site "Chess.com"]
[Date "2023.09.19"]
[Round "4"]
[White "sergeikim"]
[Black "MAGMAchess02"]
[Result "0-1"]
[WhiteElo "2593"]
[BlackElo "2383"]
[TimeControl "180+1"]
[EndTime "14:35:50 PDT"]
[Termination "MAGMAchess02 won by resignation"]

1. d4 d5 2. c4 e6 3. Nc3 c6 4.
e3 f5 5. f4 Nf6 6. Nf3 Be7 7.
Bd3 O-O 8. O-O Ne4 9. Bd2 Nd7 10.
Be1 b6 11. Rc1 a5 12. cxd5 exd5 13. Ne5 Bb7 14. Nxe4 fxe4 15. Be2 Nxe5 16. fxe5 Bg5 17. Bd2 Qe7 18. Bg4 Rxf1+ 19. Qxf1 Rf8 20. Qe1 c5 21. dxc5 bxc5 22. e6 Ba6 23. Qg3 Qf6 24. Qe1 Qxb2 25. Bc3 Qxc1 26. Qxc1 Bxe3+ 0-1

[Event "Late-Titled-Tuesday-Blitz-September-19-2023"]
[Site "Chess.com"]
[Date "2023.09.19"]
[Round "4"]
[White "cukus"]
[Black "GlavkonVVS"]
[Result "0-1"]
[WhiteElo "2401"]
[BlackElo "2596"]
[TimeControl "180+1"]
[EndTime "14:35:52 PDT"]
[Termination "GlavkonVVS won by resignation"]

1. c4 Nf6 2. g3 c5 3. Bg2 Nc6 4. Nc3 d6 5. e3 e6 6. Nge2 Be7 7. O-O O-O 8. b3 a6 9. Bb2 Bd7 10. d4 cxd4 11. exd4 Rc8 12. Nf4 Na5 13. a4 Qb6 14.
Ra3 Nxc4 15. bxc4 Qxb2 16. Rb3 Bxa4 17. Rxb2 Bxd1 18. Rxd1 b5 19. c5 dxc5 20. d5 b4 21. Na4 Rfd8 22. Nb6 Rb8 23. Nc4 g5 24. Ne2 Nxd5 25.
Ne5 Bf6 26. f4 gxf4 27. gxf4 Nxf4 28. Rxd8+ Rxd8 29. Nxf4 Rd1+ 30. Bf1 Bxe5 31. Rg2+ Kf8 32. Ne2 b3 0-1

[Event "Late-Titled-Tuesday-Blitz-September-19-2023"]
[Site "Chess.com"]
[Date "2023.09.19"]
[Round "4"]
[White "martinez_95"]
[Black "GiorgianBarbosa"]
[Result "0-1"]
[WhiteElo "2194"]
[BlackElo "2455"]
[TimeControl "180+1"]
[EndTime "14:35:52 PDT"]
[Termination "GiorgianBarbosa won by resignation"]

1. d4 Nf6 2. Nf3 g6 3. g3 Bg7 4.
Bg2 O-O 5. O-O c5 6. d5 d6 7. c4 e6 8. Nfd2 exd5 9. cxd5 b5 10. a4 b4 11. Nc4 Ba6 12. Nbd2 Re8 13. Re1 Qc7 14.
Ra2 Nfd7 15. b3 Ne5 16. Qc2 Nbd7 17. Bb2 Re7 18. h3 f5 19. Nxe5 Nxe5 20. Nf3 Nxf3+ 21. Bxf3 Bxb2 22. Rxb2 Rae8 23. e3 Re5 24. Rbb1 Qe7 25.
Be2 Bxe2 26. Qxe2 Rxd5 27. Rbd1 Re5 28. Qc4+ Qe6 29. Rxd6 Qxc4 30. bxc4 Rb8 31. a5 b3 32. Rd7 b2 33. Rb1 Re4 34. a6 Rxc4 35. Rb7 Rc1+ 36. Kg2 Rxb1 37. Rxb8+ Kf7 38. Kf3 c4 39. Ke2 c3 40.
Kd3 Rd1+ 41. Kc2 Rc1+ 0-1

[Event "Late-Titled-Tuesday-Blitz-September-19-2023"]
[Site "Chess.com"]
[Date "2023.09.19"]
[Round "4"]
[White "Jarming"]
[Black "NowInChess"]
[Result "1-0"]
[WhiteElo "2727"]
[BlackElo "2257"]
[TimeControl "180+1"]
[EndTime "14:35:54 PDT"]
[Termination "Jarming won on time"]

1. e4 e6 2. d4 d5 3. Nc3 Nc6 4. Nf3 Nf6 5. e5 Ne4 6. Bd3 Bb4 7. Bd2 Nxd2 8. Qxd2 O-O 9. h4 f6 10. exf6 Qxf6 11.
O-O-O Qf4 12. Qxf4 Rxf4 13. Ne2 Rf6 14. c3 Bd6 15. Bb5 Bd7 16. Rde1 Raf8 17. Ng3 Nb8 18. Bxd7 Nxd7 19. Re2 h6 20. Rhe1 Kf7 21. Nf1 c5 22. Ne3 cxd4 23. cxd4 Bf4 24. Kb1 Rc8 25. Nxd5 exd5 26.
Re7+ Kf8 27. Rxd7 Rf7 28. Rxd5 g6 29. a3 Rc4 30. Re2 Rc1+ 31. Ka2 Rg1 32. g3 Bxg3 33.
Ne5 Rxf2 34. Re3 Bxh4 35. Rc3 Rgg2 36. Nd3 1-0

[Event "Late-Titled-Tuesday-Blitz-September-19-2023"]
[Site "Chess.com"]
[Date "2023.09.19"]
[Round "4"]
[White "UK_23"]
[Black "IgorBjelobrk"]
[Result "0-1"]
[WhiteElo "2401"]
[BlackElo "2698"]
[TimeControl "180+1"]
[EndTime "14:35:57 PDT"]
[Termination "IgorBjelobrk won by resignation"]

1. e4 e6 2. d4 d5 3. e5 c5 4. c3 Nc6 5. Nf3 Qb6 6. Bd3 Bd7 7.
O-O cxd4 8. Re1 Nge7 9. a3 Ng6 10. b4 Be7 11. g3 O-O 12. h4 f6 13. Bxg6 hxg6 14.
cxd4 fxe5 15. Nxe5 Nxe5 16. Rxe5 Bf6 17. Bf4 Bxe5 18.
Bxe5 Rac8 19. Nd2 Qc6 20. Qg4 Qc2 21. Qg5 Qf5 22. f4 Qxg5 23. hxg5 Rc2 24. Nf3 Rfc8 25. Bd6 R8c6 26. Be7 Be8 27. Bc5 b6 28. b5 Rc8 29. Bb4 Bxb5 30. Ne5 Be8 31. Kf1 Rb2 32. Ke1 Rcc2 33. Nd3 Rb3 34. Kd1 Rh2 0-1

[Event "Late-Titled-Tuesday-Blitz-September-19-2023"]
[Site "Chess.com"]
[Date "2023.09.19"]
[Round "4"]
[White "WilliamAlfaroCaracas"]
[Black "TEREZANA"]
[Result "0-1"]
[WhiteElo "2272"]
[BlackElo "2489"]
[TimeControl "180+1"]
[EndTime "14:36:00 PDT"]
[Termination "TEREZANA won by resignation"]

1. e4 c6 2. d4 d5 3. exd5 cxd5 4. c4 Nf6 5. Nc3 Nc6 6. Nf3 Be6 7. c5 g6 8. Bb5 Bg7 9. O-O Bg4 10. h3 Bxf3 11. Qxf3 O-O 12. Bxc6 bxc6 13. Bf4 Nd7 14. Rad1 Re8 15.
Rfe1 e5 16. dxe5 Nxe5 17. Qg3 Nc4 18. b3 Na3 19. Ne4 Qa5 20. Nd6 Rxe1+ 21. Rxe1 Qxe1+ 22. Kh2 Nc2 0-1

[Event "Late-Titled-Tuesday-Blitz-September-19-2023"]
[Site "Chess.com"]
[Date "2023.09.19"]
[Round "4"]
[White "Rodalquilar"]
[Black "kuli4ik"]
[Result "1-0"]
[WhiteElo "2756"]
[BlackElo "2955"]
[TimeControl "180+1"]
[EndTime "14:36:01 PDT"]
[Termination "Rodalquilar won by resignation"]

1. d4 g6 2. e4 Bg7 3. Nc3 a6 4.
f4 b5 5. Nf3 Bb7 6. Bd3 d6 7.
a4 b4 8. Ne2 a5 9. O-O Ba6 10. e5 Nh6 11. Ng3 e6 12. Bxa6 Rxa6 13. Qe2 O-O 14. h4 Rc6 15. h5 Nd7 16. Ng5 Nf5 17. hxg6 Nxg3 18. Qg4 Nxf1 19. Qh5 h6 20. gxf7+ Rxf7 21. Qxf7+ Kh8 22. Qxg7+ Kxg7 23. Nxe6+ Kg6 24.
Nxd8 Rxc2 25. Kxf1 Nb6 26. g4 Nd5 27. f5+ Kg7 28. f6+ Kg6 29. f7 1-0

[Event "Late-Titled-Tuesday-Blitz-September-19-2023"]
[Site "Chess.com"]
[Date "2023.09.19"]
[Round "4"]
[White "VitaliyBernadskiy"]
[Black "Msb2"]
[Result "0-1"]
[WhiteElo "2849"]
[BlackElo "3095"]
[TimeControl "180+1"]
[EndTime "14:36:02 PDT"]
[Termination "Msb2 won by resignation"]

1. e4 e6 2. d4 d5 3. Bb5+ c6 4.
Bd3 dxe4 5. Bxe4 Nf6 6. Bf3 c5 7. Ne2 Be7 8. Nbc3 O-O 9. Be3 Qa5 10. dxc5 Rd8 11. Qc1 Bxc5 12. O-O Nc6 13. Bxc6 bxc6 14.
Bxc5 Qxc5 15. Qe3 Qxe3 16. fxe3 Ba6 17. Rfd1 Nd5 18. Kf2 Nb4 19. a3 Nd5 20. Ne4 Bxe2 21. Kxe2 Rab8 22. Rab1 f5 23. Nd2 Kf7 24. Nc4 Kf6 25.
Kf3 g5 26. Rd3 e5 27. Ke2 e4 28. Rdd1 Ke6 29. g3 h5 30. Rf1 h4 31. gxh4 Rh8 32. Rg1 Rxh4 33. Rg2 Nc3+ 0-1

[Event "Late-Titled-Tuesday-Blitz-September-19-2023"]
[Site "Chess.com"]
[Date "2023.09.19"]
[Round "4"]
[White "Miguelitro69"]
[Black "WindWhistler11"]
[Result "0-1"]
[WhiteElo "2283"]
[BlackElo "2483"]
[TimeControl "180+1"]
[EndTime "14:36:09 PDT"]
[Termination "WindWhistler11 won on time"]

1. e4 e6 2. Qe2 b6 3. Nf3 c5 4.
g3 Nc6 5. Bg2 g6 6. O-O Bg7 7.
c3 Nge7 8. Rd1 a5 9. d4 cxd4 10. cxd4 Ba6 11. Qe3 d5 12. Na3 O-O 13. Bd2 Qd7 14.
Rac1 Rfd8 15. Ne5 Nxe5 16. dxe5 d4 17. Qg5 Be2 18. Re1 d3 19. Nc4 Rab8 20. h4 Nc6 21.
h5 b5 22. h6 Bh8 23. Ne3 Nxe5 24. Bc3 f6 25. Qf4 d2 26. Bxe5 fxe5 0-1

[Event "Late-Titled-Tuesday-Blitz-September-19-2023"]
[Site "Chess.com"]
[Date "2023.09.19"]
[Round "4"]
[White "ilm2034"]
[Black "sergiochess83"]
[Result "0-1"]
[WhiteElo "2553"]
[BlackElo "2898"]
[TimeControl "180+1"]
[EndTime "14:36:13 PDT"]
[Termination "sergiochess83 won by resignation"]

1. e4 c5 2. d4 cxd4 3. c3 dxc3 4.
Nxc3 Nc6 5. Nf3 e6 6. Bc4 a6 7.
O-O Nge7 8. Bg5 b5 9. Bb3 Bb7 10. Nd5 f6 11. Bxf6 gxf6 12. Nh4 Bg7 13. Qh5+ Kf8 14. f4 exd5 15. exd5 Nd4 16. d6 Ng6 17. Rae1 Nxb3 18. axb3 Nxh4 19. Qxh4 Qb6+ 20. Kh1 Qxd6 21. Rd1 Qc6 22. Rf2 Re8 23. Qg4 h5 24. Qg3 h4 25.
Qg4 h3 26. Kg1 hxg2 27. h4 Qe6 28. Qg3 Qe1+ 0-1

[Event "Late-Titled-Tuesday-Blitz-September-19-2023"]
[Site "Chess.com"]
[Date "2023.09.19"]
[Round "4"]
[White "Maksimus1998"]
[Black "Pawnpusherschessaccademy"]
[Result "0-1"]
[WhiteElo "2587"]
[BlackElo "2361"]
[TimeControl "180+1"]
[EndTime "14:36:13 PDT"]
[Termination "Pawnpusherschessaccademy won by resignation"]

1. d4 Nf6 2. Nf3 d5 3. e3 c5 4. b3 cxd4 5. exd4 Nc6 6. Bd3 Bg4 7.
Bb2 e6 8. O-O Bd6 9. a3 O-O 10.
Nbd2 Rc8 11. Qe1 Bf4 12. h3 Bh5 13. g3 Bc7 14. Ne5 Bb6 15. Ndf3 Nd7 16. Nxc6 bxc6 17. Ne5 f6 18. Nxd7 Qxd7 19. c4 e5 20. cxd5 Qxh3 21. Be4 exd4 22. Bg2 Qf5 23. dxc6 Rfd8 24. Rc1 d3 25. Qd2 Be2 26. b4 Bxf1 27. Rxf1 Re8 28. Re1 Qxf2+ 0-1

[Event "Late-Titled-Tuesday-Blitz-September-19-2023"]
[Site "Chess.com"]
[Date "2023.09.19"]
[Round "4"]
[White "Alexei_Gubajdullin"]
[Black "ATM622"]
[Result "1-0"]
[WhiteElo "2643"]
[BlackElo "2455"]
[TimeControl "180+1"]
[EndTime "14:36:14 PDT"]
[Termination "Alexei_Gubajdullin won on time"]

1. d4 Nf6 2. Nf3 e6 3. Bf4 d5 4. e3 c5 5. Nbd2 Nc6 6. c3 Bd6 7. Bg3 Ne4 8. Nxe4 dxe4 9. Nd2 f5 10. Bxd6 Qxd6 11. Nc4 Qe7 12. Qh5+ g6 13. Qh6 cxd4 14. exd4 Qf8 15. Qf4 Kf7 16. h4 h5 17. O-O-O Qh6 18.
Qxh6 Rxh6 19. Ne5+ Nxe5 20. dxe5 Ke7 21. Rd6 Bd7 22.
Bc4 Rhh8 23. Rhd1 Rad8 24. g3 b5 25. Bb3 a5 26. a3 a4 27. Ba2 Rhg8 28. R1d4 Rh8 29. Kd2 g5 30. hxg5 f4 31. Rxe4 fxg3 32. fxg3 Rhg8 33. Red4 Rxg5 34. Bxe6 Bxe6 35. Rxd8 Rxg3 36.
Rh8 Rg2+ 37. Ke3 Bg4 38. Rd6 Rxb2 39. Rh7+ Ke8 40. Rb6 Re2+ 41. Kd4 Rd2+ 42. Kc5 1-0